 Dungeon Crawl Stone Soup version 0.30-a0-1124-g6e8f0f562f (webtiles) character file.

Game seed: 14450344455536353088

662 jasper the Skirmisher (level 7, -1/33 HPs)
             Began as a Spriggan Hunter on Apr 23, 2023.
             Shot with an arrow by a centaur (9 damage)
             ... on level 5 of the Dungeon.
             The game lasted 00:06:37 (3662 turns).

jasper the Skirmisher (Spriggan Hunter)             Turns: 3662, Time: 00:06:38

Health: -1/33      AC:  2    Str:  9    XL:     7   Next: 30%
Magic:  8/8        EV: 17    Int: 10    God:
Gold:   156        SH:  0    Dex: 19    Spells: 5/6 levels left

rFire   . . .        a - +1 shortbow
rCold   . . .        (shield currently unavailable)
rNeg    + . .        c - +0 robe
rPois   +            (helmet restricted)
rElec   .            (no cloak)
rCorr   .            (gloves unavailable)
SInv    +            (boots unavailable)
Will    +....        (no amulet)
Stlth   ++           u - ring of poison resistance
HPRegen 0.25/turn    s - ring of positive energy
MPRegen 0.11/turn

%: no passive effects
@: very quick
A: very small, no large weapons, unfitting armour, see invisible, speed 3
a: no special abilities


You were on level 5 of the Dungeon.
You visited 1 branch of the dungeon, and saw 5 of its levels.

You collected 156 gold pieces.

Inventory:

Hand Weapons
 a - a +1 shortbow (weapon)
Armour
 c - a +0 robe (worn)
Jewellery
 f - a ring of resist corrosion
 s - a ring of positive energy (right hand)
 u - a ring of poison resistance (left hand)
Scrolls
 m - a scroll of amnesia
 q - a scroll of magic mapping {unknown}
 r - 2 scrolls of identify
 t - a scroll of teleportation
 w - a scroll of noise {unknown}
 x - a scroll of blinking {unknown}
Potions
 d - a potion of magic
 e - a potion of flight
 g - 3 potions of brilliance
 h - a potion of heal wounds
 i - 2 potions of curing
 j - a potion of lignification {unknown}
 k - a potion of invisibility {unknown}
 l - a potion of haste {unknown}
 n - 2 potions of resistance {unknown}
 o - a potion of mutation {unknown}
 p - 2 potions of might {unknown}
 v - 2 potions of degeneration {unknown}


   Skills:
 - Level 1.5 Fighting
 + Level 9.0 Ranged Weapons
 - Level 2.6 Dodging
 - Level 1.5 Stealth


You had 5 spell levels left.
You knew the following spells:

 Your Spells              Type           Power      Damage    Failure   Level
a - Apportation           Tloc           0%         N/A       36%         1

Your spell library contained the following spells:

 Spells                   Type           Power      Damage    Failure   Level
 Magic Dart               Conj           0%         1d3       36%         1
 Necrotise                Necr           0%         1d4       36%         1
 Summon Small Mammal      Summ           0%         N/A       36%         1
 Searing Ray              Conj           0%         2d4       50%         2
 Fulminant Prism          Conj/Hex       0%         3d5       98%         4
 Borgnjor's Revivificati  Necr           0%         N/A       100%        8
 Necromutation            Tmut/Necr      0%         N/A       100%        8
 Chain Lightning          Conj/Air       0%         N/A       100%        9
 Death's Door             Necr           0%         N/A       100%        9
 Fire Storm               Conj/Fire      0%         5d1       100%        9
 Shatter                  Erth           0%         3d5*      100%        9


Dungeon Overview and Level Annotations

Branches:
Dungeon (5/15)
 Temple: D:4-7

Altars:
Cheibriados

Shops:
D:1 !


Innate Abilities, Weirdness & Mutations

You are very small and have problems with some larger weapons.
You are too small for most types of armour.
You have supernaturally acute eyesight. (SInv)
You cover ground extremely quickly. (Speed+++)


Message History

The centaur wields a +0 shortbow.
The centaur shoots an arrow.
The arrow misses you.
Fire: a) +1 shortbow
Press: ? - help, Q - select action, (/) - cycle Shift-Dir - straight line, f/p - centaur
Aim: a centaur, wielding a +0 shortbow and quivering stones (76% to hit)
You shoot an arrow. The arrow hits the centaur.
The centaur is lightly wounded.
The centaur shoots an arrow.
The arrow completely misses you.
The centaur shoots an arrow.
The arrow hits you.
You take 4 damage, and have 29/33 hp.
Fire: a) +1 shortbow
Press: ? - help, Q - select action, (/) - cycle Shift-Dir - straight line, f/p - centaur
Aim: a centaur, wielding a +0 shortbow and quivering stones (76% to hit)
You shoot an arrow. The arrow hits the centaur.
The centaur is lightly wounded.
The centaur shoots an arrow.
The arrow closely misses you.
Fire: a) +1 shortbow
Press: ? - help, Q - select action, (/) - cycle Shift-Dir - straight line, f/p - centaur
Aim: a centaur, wielding a +0 shortbow and quivering stones (lightly wounded, 76% to hit)
You shoot an arrow.
The arrow completely misses the centaur.
The centaur shoots an arrow.
The arrow hits you!
The centaur shoots an arrow.
The arrow hits you!
* * * LOW HITPOINT WARNING * * *
You take 26 damage, and have 3/33 hp.
MASSIVE DAMAGE!!
Fire: a) +1 shortbow
Press: ? - help, Q - select action, (/) - cycle Shift-Dir - straight line, f/p - centaur
Aim: a centaur, wielding a +0 shortbow and quivering stones (lightly wounded, 76% to hit)
You shoot an arrow. The arrow hits the centaur!
The centaur is heavily wounded.
A vampire comes into view.
The centaur shoots an arrow.
The arrow closely misses you.
You feel much better.
The centaur shoots an arrow.
The arrow hits you!
* * * LOW HITPOINT WARNING * * *
You regained 5 hp, and now have 8/33 hp.
Really read the scroll of immolation?
As you read the scroll of immolation, it crumbles to dust.
The creatures around you are filled with an inner flame!
The centaur shoots an arrow.
The arrow hits you!
You die...

... #.#.####
..###s###.#...V#
..........#.##c#
.......g....##.#
......########.#
##.## #.# #.#
#.# #@# #.# #.#
## #.# .. #.#
##. #.# <.. #.#
#.# #..# #.#
######.# #..#
#.# #......#


You could see a vampire (inner flame) and a centaur (inner flame).

Vanquished Creatures
  A phantom (D:4)
  A scorpion (D:5)
  3 howler monkeys
  2 orc priests (D:4)
  2 hounds
  2 orc wizards (D:4)
  Terence (D:3)
  3 gnolls (D:3)
  7 adders
  3 shadow imps
  A dart slug (D:2)
  16 orcs
  7 endoplasms
  2 giant cockroaches (D:3)
  7 goblins
  6 hobgoblins
  11 kobolds
  4 quokkas
  4 ball pythons
  9 bats
  4 frilled lizards
  6 rats
102 creatures vanquished.

Notes
Turn   | Place    | Note
-------+----------+-------------------------------------------
     0 | D:1      | jasper the Spriggan Hunter began the quest for the Orb.
     0 | D:1      | Reached XP level 1. HP: 10/10 MP: 2/2
    30 | D:1      | Found Sinn's Distillery.
    85 | D:1      | Reached XP level 2. HP: 13/14 MP: 3/3
   773 | D:2      | Reached skill level 5 in Ranged Weapons
   801 | D:2      | Reached XP level 3. HP: 18/18 MP: 4/4
  1449 | D:2      | Reached XP level 4. HP: 18/22 MP: 5/5
  1520 | D:3      | Reached skill level 6 in Ranged Weapons
  1858 | D:3      | Learned a level 1 spell: Apportation
  1953 | D:3      | Noticed Terence
  2050 | D:3      | Killed Terence
  2051 | D:3      | Reached XP level 5. HP: 25/25 MP: 6/6
  2548 | D:4      | Reached skill level 7 in Ranged Weapons
  2561 | D:4      | Reached XP level 6. HP: 30/30 MP: 7/7
  2646 | D:4      | Found a snail-covered altar of Cheibriados.
  2683 | D:4      | Reached skill level 8 in Ranged Weapons
  2752 | D:4      | Reached XP level 7. HP: 23/33 MP: 8/8
  3074 | D:5      | Entered Level 5 of the Dungeon
  3249 | D:5      | Reached skill level 9 in Ranged Weapons
  3660 | D:5      | Noticed a vampire
  3662 | D:5      | Shot with an arrow by a centaur

Illustrated notes

Levels and vault maps discovered:
D:1:      amcnicky_arrival_flooded_fountain, layout_basic, serial_shops,
          nicolae_shop_industrial_runoff
D:2:      layout_loops_corners
D:3:      layout_loops_corners, uniq_terence
D:4:      layout_cave_pools, lemuel_tele_altar
D:5:      layout_loops_ring, minmay_chambers_of_fives

Skill      XL: |  1  2  3  4  5  6  7 |
---------------+----------------------+-----
Ranged Weapons | 5 6 7 8 9 |  9.0
Fighting       | |  1.5
Dodging        | |  2.6
Stealth        | |  1.5

Action                     |  1- 3 |  4- 6 |  7- 9 || total
---------------------------+-------+-------+-------++-------
   Fire: Shortbow          |   102 |   189 |    42 ||   333
    Use: Scroll            |     7 |     1 |     1 ||     9
         Potion            |       |       |     1 ||     1
 Armour: Robe              |    10 |     5 |       ||    15
  Dodge: Dodged            |    32 |    30 |    15 ||    77

Table legend: (Time is in decaauts)
 A = Elapsed time spent in this place.
 B = Non-inter-level travel time spent in this place.
 C = Inter-level travel time spent in this place.
 D = Time resting spent in this place.
 E = Time spent auto-exploring this place.
 F = Levels seen in this place.
 G = Mean time per level.
                   A        B        C        D        E       F      G
               +--------+--------+--------+--------+--------+-----+--------+
         Total |   2553 |   2502 |     51 |    162 |   1723 |   5 |  510.6 |
       Dungeon |   2553 |   2502 |     51 |    162 |   1723 |   5 |  510.6 |
               +--------+--------+--------+--------+--------+-----+--------+

Top non-repeatable levels by time:
     D:3: 695 daAuts
     D:2: 577 daAuts
     D:4: 441 daAuts
     D:5: 439 daAuts
     D:1: 399 daAuts
